 Dungeon Crawl Stone Soup version 0.29.1-15-g9cfb28693d (webtiles) character file.

Game seed: 6255348291336984195

5709 EarthwalkerPL the Protected (level 10, -9/91 HPs)
             Began as a Minotaur Fighter on Apr 4, 2023.
             Was an Elder of Okawaru.
             Mangled by an orc warrior
             ... wielding a +0 glaive
              (14 damage)
             ... in a bailey.
             The game lasted 00:26:01 (10510 turns).

EarthwalkerPL the Protected (Minotaur Fighter)     Turns: 10510, Time: 00:26:02

Health: -9/91      AC: 21    Str: 25    XL:     10   Next: 48%
Magic:  12/12      EV:  8    Int:  5    God:    Okawaru [****..]
Gold:   0          SH:  5    Dex: 10    Spells: 9/9 levels left

rFire   . . .      SeeInvis .   a - +0 war axe
rCold   + . .      Faith    .   c - +0 buckler
rNeg    . . .      Spirit   .   T - +1 plate armour {rC+}
rPois   .          Reflect  .   (helmet restricted)
rElec   .          Harm     .   B - +0 cloak
rCorr   +          Rampage  .   i - +0 pair of gloves
Will    +....                   h - +0 pair of boots
Stlth   ..........              (no amulet)
HPRegen 0.25/turn               H - ring of resist corrosion
MPRegen 0.13/turn               (no ring)

@: no status effects
A: horns 2, retaliatory headbutt, iridescent scales 1, strong-willed 1,
MP-powered wands
a: Renounce Religion, Heroism, Finesse


You were in a bailey.
You worshipped Okawaru.
Okawaru was greatly pleased with you.
You visited 2 branches of the dungeon, and saw 10 of its levels.
You also visited: Sewer, Ossuary and Bailey.

You collected 520 gold pieces.
You spent 520 gold pieces at shops.

Inventory:

Hand Weapons
 a - a +0 war axe (weapon)
Missiles
 k - 4 boomerangs
 C - an atropa-tipped dart (quivered)
 L - 21 poisoned darts
 M - a curare-tipped dart
 P - 2 javelins
Armour
 b - a +0 scale mail
 c - a +0 buckler (worn)
 h - a +0 pair of boots (worn)
 i - a +0 pair of gloves (worn)
 m - a +0 troll leather armour {Pargi}
 B - a +0 cloak (worn)
 T - a +1 plate armour of cold resistance (worn)
Jewellery
 v - a ring of fire
 x - a ring of ice
 E - a ring of ice
 H - a ring of resist corrosion (left hand)
 J - a +6 ring of strength
 K - a +6 ring of strength
Wands
 F - a wand of digging (9)
 G - a wand of mindburst (7)
 N - a wand of roots (5)
 R - a wand of acid (7)
 S - a wand of paralysis (14)
Scrolls
 j - 6 scrolls of noise
 l - 5 scrolls of teleportation
 o - 2 scrolls of magic mapping
 p - 2 scrolls of enchant weapon
 q - a scroll of enchant armour
 r - 2 scrolls of blinking
 u - a scroll of torment
 w - 3 scrolls of silence
 z - 2 scrolls of vulnerability
 A - a scroll of fear
 Q - a scroll of immolation
Potions
 d - 6 potions of might
 e - a potion of mutation
 f - 2 potions of flight
 g - 6 potions of curing
 n - a potion of invisibility {unknown}
 s - 2 potions of lignification {unknown}
 t - 3 potions of degeneration
 D - 2 potions of heal wounds {unknown}
 I - a potion of haste {unknown}
 O - 3 potions of attraction {unknown}


   Skills:
 * Level 9.3 Fighting
 * Level 8.9 Axes
 + Level 4.5 Throwing
 * Level 9.4 Armour
 + Level 5.1 Dodging
 + Level 7.0 Shields
 + Level 4.6 Invocations


You had 9 spell levels left.
You didn't know any spells.
Your spell library contained the following spells:

 Spells                   Type           Power      Damage    Failure   Level
 Gell's Gravitas          Tloc           0%         N/A       100%        3
 Lesser Beckoning         Tloc           0%         N/A       100%        3
 Swiftness                Air            0%         N/A       100%        3
 Teleport Other           Tloc           0%         N/A       100%        3
 Corpse Rot               Necr/Pois/Air  0%         N/A       100%        4
 Dispersal                Tloc           0%         N/A       100%        6
 Disjunction              Tloc           0%         N/A       100%        8
 Summon Lightning Spire   Summ/Air       Unusable   N/A       N/A         4

Dungeon Overview and Level Annotations

Branches:
Dungeon (9/15)             Temple (1/1) D:5           Sewer (visited)
Ossuary (visited)          Bailey (1/1)
   Lair: D:8-11         Orc: D:9-12

Altars:
Ashenzari
Dithmenos
Elyvilon
Fedhas
Gozag
Hepliaklqana
Makhleb
Nemelex Xobeh
Okawaru
Qazlal
Ru
Sif Muna
Trog
Vehumet
Xom
Yredelemnul
Zin
The Shining One

Shops:
D:4 *   D:9 [

Annotations:
D:5 3 runed translucent doors, Artool's ghost, novice DsFi


Innate Abilities, Weirdness & Mutations

You have a pair of horns on your head.
You reflexively headbutt those who attack you in melee.
You are partially covered in iridescent scales. (AC +2)
You are strong-willed. (Will+)
You expend magic power (3 MP) to strengthen your wands.


Message History

You throw an atropa-tipped dart.
The atropa-tipped dart barely misses the orc knight.
You throw an atropa-tipped dart.
The atropa-tipped dart closely misses the orc knight.
The orc knight barely misses you. You furiously retaliate!
You headbutt the orc knight, but do no damage.
You barely miss the orc knight.
The orc knight hits you but does no damage.
The orc warrior hits you from afar with a +0 glaive!!
You hit the orc knight but do no damage.
You headbutt the orc knight!
The orc knight is lightly wounded.
The orc knight hits you with a +0 halberd.
You block the orc warrior's attack.
You barely miss the orc knight.
You headbutt the orc knight, but do no damage.
The orc knight is lightly wounded.
The orc knight hits you with a +0 halberd!
The orc warrior hits you from afar with a +0 glaive!!
You hit the orc knight but do no damage.
The orc knight is lightly wounded.
The orc knight hits you but does no damage.
The orc warrior barely misses you.
You hit the orc knight but do no damage.
The orc knight is lightly wounded.
The orc knight hits you with a +0 halberd!!
* * * LOW HITPOINT WARNING * * *
You block the orc warrior's attack.
You hit the orc knight but do no damage.
Your headbutt misses the orc knight.
The orc knight is lightly wounded.
You block the orc knight's attack.
The orc warrior hits you from afar with a +0 glaive.
* * * LOW HITPOINT WARNING * * *
You hit the orc knight but do no damage.
The orc knight is lightly wounded.
The orc knight hits you with a +0 halberd!
* * * LOW HITPOINT WARNING * * *
The orc warrior hits you from afar with a +0 glaive!
You die...

##...# #.$.##..~.# #...
.$$$.##.~.# #########
##########.~.# ........##
##....(.....~.# )))~~~~..##
##..~~~~(~~~)~.# ......~~..##
##..~~.(....).).#
#####..~~.)###..~~..######..##
##..~~.)...~~oo## ##.)#
##..~~~~~~~@.## #..##
##.........## ##∩∩#
########### ####


You could see an orc knight and an orc warrior (strong).

Vanquished Creatures
  Pikel (D:4)
  A shadow (D:9)
  A yak (D:9)
  A steam dragon (D:8)
  Duvessa (D:7)
  2 water moccasins (D:9)
  Pargi (Sewer)
  An ice beast (D:7)
  4 orc warriors
  3 ogres
  2 black bears (D:5)
  3 centaurs
  3 lemures
  A kobold brigand (D:7)
  4 bullfrogs
  A gnoll sergeant (D:8)
  A necrophage (D:6)
  3 scorpions
  Dowan (D:7)
  13 wights
  3 killer bees
  2 howler monkeys
  5 centaur zombies (Ossuary)
  6 bullfrog zombies
  A jelly (D:6)
  3 hounds
  7 orc priests
  16 mummies (Ossuary)
  A scorpion zombie (D:5)
  6 iguanas
  2 orc wizards
  2 killer bee zombies (Ossuary)
  11 gnolls
  11 adders
  3 shadow imps
  4 white imps
  An ufetubus (D:4)
  2 worms
  36 orcs
  6 bats
  10 endoplasms
  11 giant cockroaches
  10 goblins
  5 hobgoblins
  13 quokkas
  5 ball pythons
  12 frilled lizards
  18 kobolds
  2 quokka zombies (D:4)
  7 rats
269 creatures vanquished.

Vanquished Creatures (others)
  A kobold brigand (D:8)
  An orc priest (D:8)
  A kobold (D:8)
  8 plants
  7 withered plants (Ossuary)
18 creatures vanquished.

Grand Total: 287 creatures vanquished

Notes
Turn   | Place    | Note
-------+----------+-------------------------------------------
     0 | D:1      | EarthwalkerPL the Minotaur Fighter began the quest for the
                  | Orb.
     0 | D:1      | Reached XP level 1. HP: 19/19 MP: 0/0
   193 | D:1      | Reached XP level 2. HP: 27/27 MP: 1/1
   916 | D:2      | Found an iron altar of Okawaru.
   925 | D:2      | Became a worshipper of Warmaster Okawaru
   934 | D:2      | Reached XP level 3. HP: 33/33 MP: 2/2
   978 | D:2      | Found a faded altar of an unknown god.
  1664 | D:3      | Found a glowing drain.
  1683 | D:3      | Reached XP level 4. HP: 38/41 MP: 3/3
  1824 | Sewer    | Entered a sewer
  1849 | Sewer    | Noticed Pargi
  1855 | Sewer    | Killed Pargi
  1856 | Sewer    | Reached skill level 1 in Dodging
  1856 | Sewer    | Reached skill level 1 in Invocations
  1856 | Sewer    | Reached XP level 5. HP: 39/47 MP: 4/4
  2115 | D:3      | Reached skill level 1 in Throwing
  2330 | D:3      | Found a glowing golden altar of the Shining One.
  2354 | D:3      | Found a sparkling altar of Nemelex Xobeh.
  2445 | D:3      | Reached skill level 5 in Armour
  2490 | D:3      | Reached skill level 5 in Fighting
  2957 | D:4      | Found a sand-covered staircase.
  2997 | Ossuary  | Entered an ossuary
  3006 | Ossuary  | Reached XP level 6. HP: 56/56 MP: 5/5
  3068 | Ossuary  | Reached * piety under Okawaru
  3189 | Ossuary  | Reached XP level 7. HP: 61/61 MP: 7/7
  3241 | Ossuary  | Reached skill level 5 in Axes
  3993 | D:4      | Reached skill level 5 in Shields
  4061 | D:4      | Found Suaduar's Assorted Antiques.
  4079 | D:4      | Reached ** piety under Okawaru
  4080 | D:4      | Reached XP level 8. HP: 70/70 MP: 8/8
  4100 | D:4      | Found a white marble altar of Elyvilon.
  4330 | D:5      | Entered Level 5 of the Dungeon
  4554 | D:5      | Found a staircase to the Ecumenical Temple.
  4560 | Temple   | Entered the Ecumenical Temple
  4660 | D:5      | Noticed Pikel
  5580 | D:5      | Found a shimmering blue altar of Sif Muna.
  5799 | D:4      | Killed Pikel
  5799 | D:4      | Reached *** piety under Okawaru
  5800 | D:4      | Reached XP level 9. HP: 75/79 MP: 10/10
  5840 | D:5      | Found a runed translucent gate.
  5840 | D:5      | Found a runed translucent gate.
  5840 | D:5      | Found a runed translucent gate.
  5840 | D:5      | Noticed Artool's ghost (novice DsFi)
  5842 | D:5      | Found a basalt altar of Yredelemnul.
  6256 | D:6      | Reached **** piety under Okawaru
  6632 | D:6      | Got the Vellum of the Welkin
  6779 | D:6      | Noticed a five-headed hydra
  7079 | D:7      | Found a radiant altar of Vehumet.
  7079 | D:7      | Found a stormy altar of Qazlal.
  7681 | D:7      | Noticed Duvessa
  7681 | D:7      | Noticed Dowan
  7703 | D:7      | Killed Duvessa
  7710 | D:7      | Killed Dowan
  8143 | D:8      | Reached XP level 10. HP: 87/90 MP: 12/12
  8155 | D:8      | Received a gift from Okawaru
  9523 | D:9      | Found a flagged portal.
  9529 | D:9      | Reached skill level 5 in Dodging
  9564 | D:9      | Found Kiycumpi's Antique Armour Emporium.
  9618 | D:9      | Gained mutation: You expend magic power (3 MP) to
                  | strengthen your wands. [potion of mutation]
  9618 | D:9      | Gained mutation: Your spells are a little harder to cast,
                  | but a little more powerful. [potion of mutation]
  9618 | D:9      | Gained mutation: Your body sometimes deteriorates upon
                  | taking damage. [potion of mutation]
  9637 | D:9      | Bought a runed plate armour for 520 gold pieces
  9835 | Bailey   | Entered a bailey
 10052 | Bailey   | Noticed an orc knight
 10236 | Bailey   | Lost mutation: Your body sometimes deteriorates upon taking
                  | damage. [potion of mutation]
 10236 | Bailey   | Lost mutation: Your spells are a little harder to cast, but
                  | a little more powerful. [potion of mutation]
 10236 | Bailey   | Gained mutation: You are strong-willed. (Will+) [potion of
                  | mutation]
 10236 | Bailey   | Gained mutation: You are partially covered in iridescent
                  | scales. (AC +2) [potion of mutation]
 10455 | Bailey   | Noticed an orc knight
 10455 | Bailey   | Identified the +4 plate armour of Pubbycui {Int+8}
 10455 | Bailey   | Identified the ring of Giptoul {Ice Drain +Blink rPois
                  | Slay+5}
 10455 | Bailey   | Noticed an orc knight
 10510 | Bailey   | Mangled by an orc warrior

Illustrated notes

Levels and vault maps discovered:
D:1:      ncdulo_watergridlock, layout_basic
D:2:      layout_rooms, basic_altar, shapermc_ecumenical_altar_mp_ritualfount,
          minmay_joined_circles
D:3:      layout_basic, mainiacjoe_overflow_two_lobes, gup_sewer_entry_pipe
D:4:      layout_rooms, elyvilon_altar_5, enter_ossuary_4, serial_shops,
          nicolae_shop_overgrown_old_shop
D:5:      minmay_chambers_of_fours, layout_rooms,
          nicolae_sif_muna_little_library, nicolae_yredelemnul_ghost_church,
          minmay_temple_entry_gardened_gates, uniq_pikel
D:6:      layout_loops_ring
D:7:      layout_basic, jmf_multi_god_temple, uniq_duvessa
D:8:      layout_gridville
D:9:      layout_long_grid, gammafunk_temple_overflow_forgotten,
          kennysheep_mini, serial_shops, nicolae_shop_trees, enter_bailey_5
Temple:   nicolae_temple_ecumenical_triangle
Bailey:   bailey_polearm_1, bailey

Skill      XL: |  1  2  3  4  5  6  7  8  9 10 |
---------------+-------------------------------+-----
Armour         | 4 5 6 7 8 9 |  9.4
Fighting       | 4 5 6 7 8 9 |  9.3
Axes           | 3 4 5 7 8 |  8.9
Dodging        | 1 2 3 4 5 |  5.1
Shields        | 4 5 6 7 |  7.0
Invocations    | 1 2 3 4 |  4.6
Throwing       | 1 2 3 4 |  4.5

Action                   |  1- 3 |  4- 6 |  7- 9 | 10-12 || total
-------------------------+-------+-------+-------+-------++-------
Melee: War axe           |    97 |   116 |   316 |   133 ||   662
       Headbutt          |    12 |    13 |    68 |    22 ||   115
Throw: Boomerang         |       |    29 |   112 |    45 ||   186
       Dart              |       |       |       |     4 ||     4
  Use: Scroll            |       |     4 |     8 |     3 ||    15
       Potion            |       |       |       |     4 ||     4
Armor: Scale mail        |    53 |    73 |   147 |    35 ||   308
       Plate armour      |       |       |       |    29 ||    29
Dodge: Dodged            |    42 |    69 |   170 |    66 ||   347
Block: Buckler           |    26 |    27 |    77 |    44 ||   174
